 Dungeon Crawl Stone Soup version 0.26-a0-1181-gd376ed14c5 (webtiles) character file.

Game seed: 5622661236516209660

15775 vvl the Black Sun (level 12, -5/89 (93) HPs)
             Began as a Demonspawn Monk on Dec 25, 2020.
             Was a High Priest of Kikubaaqudgha.
             Slain by a sun demon (14 damage)
             ... summoned by a deep elf mage
             ... on level 12 of the Dungeon.
             The game lasted 01:18:14 (17804 turns).

vvl the Black Sun (Demonspawn Monk)                Turns: 17804, Time: 01:18:14

HP:   -5/89 (93)    AC: 30    Str: 15    XL:     12   Next: 4%
MP:   12/12         EV:  6    Int: 14    God:    Kikubaaqudgha [*****.]
Gold: 635           SH: 10    Dex: 15    Spells: 10/11 levels left

rFire    . . .     SeeInvis .   X - +7 scimitar (freeze)
rCold    . . .     Faith    +   u - +0 kite shield
rNeg     . . .     Spirit   .   x - +3 chain mail
rPois    .         Reflect  .   y - +2 helmet
rElec    .         Harm     +   H - scarf {harm}
rCorr    .         Rampage  .   Z - +0 pair of gloves
Will     .....                  k - +0 pair of boots
Stlth    ..........             f - amulet of faith
HPRegen  0.24/turn              V - +4 ring of protection
MPRegen  0.13/turn              l - +4 ring of protection

@: very slightly contaminated, studying Poison Magic, lightly drained, invisible
A: talons 2, yellow scales 2, spiny 2
a: Renounce Religion, Receive Corpses, Torment


You were on level 12 of the Dungeon.
You worshipped Kikubaaqudgha.
Kikubaaqudgha was extremely pleased with you.
You visited 2 branches of the dungeon, and saw 13 of its levels.
You also visited: Sewer, Bailey and Ice Cave.

You collected 635 gold pieces.

Inventory:

Hand Weapons
 w - a +5 rapier of flaming
 X - a +7 scimitar of freezing (weapon)
Armour
 a - a +2 leather armour of poison resistance
 k - a +0 pair of boots (worn)
 u - a +0 kite shield (worn)
 x - a +3 chain mail (worn)
 y - a +2 helmet (worn)
 H - a scarf of harm (worn)
 Z - a +0 pair of gloves (worn)
Jewellery
 e - an uncursed ring of willpower
 f - an amulet of faith (around neck)
 l - a +4 ring of protection (right hand)
 o - an uncursed ring of resist corrosion
 F - a cursed -4 ring of protection
 J - an uncursed ring of willpower
 T - an uncursed ring of protection from fire
 V - a +4 ring of protection (left hand)
Wands
 c - a wand of disintegration (20)
 d - a wand of flame (16)
 j - a wand of digging (19)
 C - a wand of paralysis (5)
 K - a wand of enslavement (4)
 S - a wand of polymorph (7)
Scrolls
 b - 10 scrolls of teleportation
 i - 2 scrolls of enchant weapon
 n - 5 scrolls of enchant armour
 p - a scroll of amnesia
 s - 5 scrolls of immolation
 D - 4 scrolls of fog
 E - 3 scrolls of fear
 O - a scroll of magic mapping
 P - 2 scrolls of vulnerability {unknown}
 R - a scroll of holy word {unknown}
 U - 3 scrolls of remove curse
 Y - 2 scrolls of brand weapon
Potions
 h - 4 potions of attraction
 m - a potion of degeneration {unknown}
 r - 2 potions of might
 t - a potion of heal wounds {unknown}
 v - a potion of lignification {unknown}
 z - a potion of brilliance {unknown}
 A - 2 potions of haste
 B - a potion of ambrosia {unknown}
 G - a potion of curing
 L - 6 potions of flight
Books
 g - a manual of Poison Magic


   Skills:
 + Level 8.2 Fighting
 + Level 1.0(6.4) Short Blades
 - Level 10.0(10.1) Long Blades
 + Level 6.8 Armour
 - Level 3.0 Dodging
 - Level 2.2 Stealth
 + Level 6.8 Shields
 * Level 11.1 Necromancy


You had 10 spell levels left.
You knew the following spells:

 Your Spells              Type           Power        Failure   Level
a - Freeze                Ice            0%           100%        1

Your spell library contained the following spells:

 Spells                   Type           Power        Failure   Level
 Pain                     Necr           100%         14%         1
 Sublimation of Blood     Necr           15%          21%         2
 Vampiric Draining        Necr           15%          38%         3
 Dispel Undead            Necr           31%          80%         4
 Corpse Rot               Necr/Air       N/A          90%         2
 Agony                    Necr           31%          98%         5
 Excruciating Wounds      Necr           15%          98%         5
 Summon Small Mammal      Summ           0%           100%        1
 Call Imp                 Summ           0%           100%        2
 Call Canine Familiar     Summ           0%           100%        3
 Confusing Touch          Hex            0%           100%        3
 Frozen Ramparts          Ice            0%           100%        3
 Gell's Gravitas          Tloc           0%           100%        3
 Ozocubu's Armour         Ice            0%           100%        3
 Summon Guardian Golem    Hex/Summ       0%           100%        3
 Hailstorm                Conj/Ice       0%           100%        4
 Petrify                  Tmut/Erth      0%           100%        4
 Summon Ice Beast         Ice/Summ       0%           100%        4
 Summon Lightning Spire   Summ/Air       0%           100%        4
 Metabolic Englaciation   Hex/Ice        0%           100%        5
 Yara's Violent Unravell  Hex/Tmut       0%           100%        5
 Death Channel            Necr           15%          100%        6
 Simulacrum               Ice/Necr       7%           100%        6


Dungeon Overview and Level Annotations

Branches:
Dungeon (12/15)            Temple (1/1) D:7            Lair (0/6) D:10
    Orc (0/2) D:11          Sewer (visited)          Bailey (visited)
  IceCv (visited)

Altars:
Ashenzari
Cheibriados
Dithmenos
Elyvilon
Fedhas
Gozag
Hepliaklqana
Kikubaaqudgha
Makhleb
Nemelex Xobeh
Okawaru
Qazlal
Ru
Sif Muna
Trog
Uskayaw
Vehumet
Wu Jian
Xom
Yredelemnul
Zin
The Shining One
Beogh

Shops:
D:8 (


Innate Abilities, Weirdness & Mutations

You have razor-sharp toenails.
You are mostly covered in yellow scales. (AC +3)
You are mostly covered in sharp spines.


Message History

You fade into invisibility!
You block the demonic crawler's attack.
The demonic crawler hits you but does no damage. x2
The sun demon hits you!
* * * LOW HITPOINT WARNING * * *
You are engulfed in flames!
* * * LOW HITPOINT WARNING * * *
You block the redback's attack.
The deep elf mage hits you but does no damage.
The red devil hits you but does no damage.
You are very lightly contaminated with residual magic.
The demonic crawler is struck by your spines.
The demonic crawler hits you.
* * * LOW HITPOINT WARNING * * *
The demonic crawler completely misses you.
The demonic crawler hits you but does no damage.
The redback bites you but does no damage.
The sun demon is struck by your spines. The sun demon hits you!
You die...
Kikubaaqudgha rasps: "You have failed me!
Welcome... death!"

........#......#.....#..
###....#......'.....#:.
#....#'############..
#............. .....
#............. .....
#.........(... ......
#............. ......
#####............. .....
.........@######### ####
........s3# .........s#
........se# ..#####..4..
.. #....... #.......#
#.......# #.......#


You could see a demonic crawler (summoned), a sun demon (summoned), a deep elf
mage, a red devil (summoned) and 2 redbacks.

Vanquished Creatures
  A hydra (D:11)
  A boulder beetle (D:11)
  3 two-headed ogres
  The ghost of Copingsaw the Covert, a novice OpFi of Gozag (D:9)
  The ghost of muata the Skirmisher, a novice HuBe of Trog (D:6)
  A cyclops (D:11)
  Joseph (D:10)
  A gargoyle (D:12)
  Psyche (D:8)
  An ice devil (IceCv)
  2 trolls
  Prince Ribbit (D:8)
  A hornet (D:11)
  A spriggan (D:9)
  A wraith (D:11)
  6 yaks
  5 water moccasins
  11 ice beasts
  9 orc warriors
  2 sky beasts
  3 black bears
  A necrophage (D:10)
  6 centaurs
  5 big kobolds
  7 bullfrogs
  A water moccasin zombie (D:9)
  A wyvern skeleton (D:5)
  3 scorpions
  2 water moccasin skeletons
  15 killer bees
  17 wights
  4 bullfrog zombies
  A howler monkey (D:6)
  A jelly (D:11)
  7 orc wizards
  2 centaur skeletons
  A gnoll shaman (D:4)
  3 hounds
  8 orc priests
  An iguana (D:8)
  8 worker ants
  The ghost of Forgeling the Sneak, a weakling FoDe of Okawaru (D:5)
  A hound skeleton (D:9)
  4 gnolls
  2 howler monkey zombies (D:7)
  13 adders
  A river rat (D:5)
  2 shadow imps
  8 white imps
  7 ufetubi
  2 oozes
  An adder skeleton (D:4)
  An adder zombie (D:5)
  2 worms (D:3)
  4 dart slugs
  6 leopard geckos
  50 orcs
  4 ball pythons
  13 giant cockroaches
  8 hobgoblins
  8 jackals
  5 quokkas
  3 bats
  4 frilled lizards
  11 goblins
  32 kobolds
  A quokka skeleton (D:4)
  7 rats
349 creatures vanquished.

Vanquished Creatures (collateral kills)
  3 orc warriors
  An orc (Bailey)
  4 kobolds (Bailey)
8 creatures vanquished.

Vanquished Creatures (others)
  A reaper (IceCv)
  2 orc warriors (D:6)
  An eye of draining (D:11)
  An orc wizard (D:6)
  5 white imps (IceCv)
  3 ufetubi (IceCv)
  20 fungi (D:10)
  34 plants
67 creatures vanquished.

Grand Total: 424 creatures vanquished

Notes
Turn   | Place    | Note
-------+----------+-------------------------------------------
     0 | D:1      | vvl the Demonspawn Monk began the quest for the Orb.
     0 | D:1      | Reached XP level 1. HP: 18/18 MP: 1/1
   135 | D:1      | Gained mutation: You are partially covered in yellow
                  | scales. (AC +2) [demonic ancestry]
   135 | D:1      | Reached XP level 2. HP: 24/24 MP: 2/2
   620 | D:1      | Reached XP level 3. HP: 29/29 MP: 3/3
   642 | D:1      | Reached skill level 1 in Necromancy
  1842 | D:2      | Reached skill level 1 in Shields
  1842 | D:2      | Gained mutation: You have sharp toenails. [demonic
                  | ancestry]
  1842 | D:2      | Reached XP level 4. HP: 33/35 MP: 4/4
  2173 | D:3      | Reached skill level 1 in Armour
  2467 | D:3      | Reached XP level 5. HP: 41/41 MP: 5/5
  3055 | D:3      | Found a bloodstained altar of Trog.
  3343 | D:4      | Reached skill level 2 in Necromancy
  3411 | D:4      | Gained mutation: You are partially covered in sharp spines.
                  | [demonic ancestry]
  3411 | D:4      | Reached XP level 6. HP: 25/48 MP: 6/6
  3642 | D:4      | Found a snail-covered altar of Cheibriados.
  3801 | D:4      | Found a glowing golden altar of the Shining One.
  4020 | D:4      | Reached skill level 3 in Necromancy
  4421 | D:4      | Gained mutation: You are mostly covered in yellow scales.
                  | (AC +3) [demonic ancestry]
  4421 | D:4      | Reached XP level 7. HP: 54/54 MP: 7/7
  4583 | D:5      | Entered Level 5 of the Dungeon
  4650 | D:5      | Found a glowing drain.
  4654 | Sewer    | Entered a sewer
  5693 | D:5      | Reached skill level 4 in Necromancy
  5959 | D:5      | Found an ornate altar of the Wu Jian Council.
  5959 | D:5      | Found a shimmering blue altar of Sif Muna.
  6004 | D:5      | Found a large runed translucent door.
  6006 | D:5      | Found a large runed translucent door.
  6008 | D:5      | Noticed Forgeling's ghost (weakling FoDe)
  6353 | D:5      | Killed Forgeling's ghost
  6354 | D:5      | Reached skill level 5 in Long Blades
  6651 | D:7      | Found a shadowy altar of Dithmenos.
  6903 | D:6      | Found a blossoming altar of Fedhas.
  6977 | D:6      | Gained mutation: You have razor-sharp toenails. [demonic
                  | ancestry]
  6977 | D:6      | Reached XP level 8. HP: 59/61 MP: 8/8
  7273 | D:6      | Found a runed translucent gate.
  7273 | D:6      | Noticed muata's ghost (novice HuBe)
  7274 | D:6      | Found a runed translucent gate.
  7275 | D:6      | Found a runed translucent gate.
  7281 | D:6      | Found a roughly hewn altar of Beogh.
  7424 | D:6      | Reached skill level 5 in Necromancy
  7634 | D:6      | Found a white marble altar of Elyvilon.
  8100 | D:7      | Reached skill level 5 in Fighting
  8388 | D:7      | Found a staircase to the Ecumenical Temple.
  8406 | Temple   | Entered the Ecumenical Temple
  8534 | Temple   | Became a worshipper of Kikubaaqudgha
  8534 | Temple   | Reached * piety under Kikubaaqudgha
  8534 | Temple   | Identified Kikubaaqudgha's Papyrus of Stolen Souls
                  | (Kikubaaqudgha gifted it to you in the Ecumenical Temple)
  8534 | Temple   | Received a gift from Kikubaaqudgha
  8534 | Temple   | Reached ** piety under Kikubaaqudgha
  8795 | D:7      | Reached skill level 6 in Necromancy
  9253 | D:6      | Reached XP level 9. HP: 30/68 MP: 9/9
  9292 | D:6      | Killed muata's ghost
  9573 | D:8      | Found Busatuzaico's Antique Weapon Emporium.
  9702 | D:8      | Reached skill level 7 in Necromancy
  9728 | D:8      | Noticed Psyche
  9740 | D:8      | Killed Psyche
  9765 | D:8      | Found an opulent altar of Gozag.
  9765 | D:8      | Found a sparkling altar of Nemelex Xobeh.
  9896 | D:8      | Noticed Prince Ribbit
  9912 | D:8      | Killed Prince Ribbit
 10259 | D:8      | Reached XP level 10. HP: 70/76 MP: 10/10
 10268 | D:8      | Reached *** piety under Kikubaaqudgha
 10268 | D:8      | Identified Kikubaaqudgha's Almanac of Darkness
                  | (Kikubaaqudgha gifted it to you on level 8 of the Dungeon)
 10268 | D:8      | Received a gift from Kikubaaqudgha
 10289 | D:8      | Found a flagged portal.
 10298 | Bailey   | Entered a bailey
 10338 | Bailey   | Noticed an orc knight
 10427 | Bailey   | Reached skill level 8 in Necromancy
 10467 | Bailey   | Reached skill level 5 in Shields
 10469 | Bailey   | Learned a level 1 spell: Freeze
 10718 | D:9      | Reached skill level 5 in Armour
 10799 | D:9      | Noticed a two-headed ogre
 10818 | D:9      | Killed a two-headed ogre
 11288 | D:9      | Noticed a two-headed ogre
 11319 | D:8      | HP: 3/77 [two-headed ogre/cursed -1 giant club (20)]
 11326 | D:8      | Killed a two-headed ogre
 11712 | D:9      | Reached skill level 9 in Necromancy
 11868 | D:9      | Found a runed translucent door.
 11868 | D:9      | Noticed Copingsaw's ghost (novice OpFi)
 11915 | D:9      | Killed Copingsaw's ghost
 12101 | D:10     | Entered Level 10 of the Dungeon
 12101 | D:10     | Found a staircase to the Lair.
 12184 | D:10     | Reached **** piety under Kikubaaqudgha
 12185 | D:10     | Gained mutation: You are mostly covered in sharp spines.
                  | [demonic ancestry]
 12185 | D:10     | Reached XP level 11. HP: 80/84 MP: 11/11
 12485 | D:10     | Noticed a two-headed ogre
 12530 | D:9      | Killed a two-headed ogre
 12910 | D:10     | Noticed Joseph
 12944 | D:10     | Killed Joseph
 12945 | D:10     | Reached skill level 10 in Necromancy
 13731 | D:11     | Noticed a boulder beetle
 13802 | D:11     | Noticed a seven-headed hydra
 13815 | D:11     | Killed a nine-headed hydra
 13901 | D:11     | Killed a boulder beetle
 14180 | D:11     | Found a staircase to the Orcish Mines.
 14521 | D:10     | HP: 1/85 [yak (6)]
 16390 | D:12     | Reached skill level 10 in Long Blades
 16495 | D:12     | Found a frozen archway.
 16511 | D:12     | Reached skill level 11 in Necromancy
 16536 | D:12     | Reached ***** piety under Kikubaaqudgha
 16820 | IceCv    | Entered an ice cave
 16846 | IceCv    | Reached XP level 12. HP: 92/92 MP: 12/12
 16851 | IceCv    | Reached skill level 1 in Short Blades
 17045 | IceCv    | Killed a reaper
 17804 | D:12     | Slain by a sun demon

Illustrated notes

Levels and vault maps discovered:
D:1:      sevenhm_arrival_forest_fort_small_4, layout_loops_ring, serial_forest,
          infiniplex_forest_end_1, infiniplex_forest_lined_2,
          infiniplex_forest_lined_3, infiniplex_forest_end_3,
          infiniplex_forest_lined_4_way
D:2:      layout_loops_cross
D:3:      minmay_skewed_foursquare, layout_loops_ring, lightli_temple_of_fire
D:4:      layout_basic, nicolae_tso_carved_into_rock, kennysheep_slug_shrine
D:5:      layout_loops_ring, gammafunk_temple_overflow_elements,
          gup_sewer_entry_bowl, ebering_ghost_disaster_area,
          serial_bayou_crossing
D:6:      layout_basic, lemuel_coloured_pillars_altar,
          biasface_ghost_orc_armoury, hex_tiny, fedhas_altar_1
D:7:      layout_layer_cave, general_overflow_altar,
          minmay_temple_entry_nine_rooms, minmay_unpleasant_kobolds
D:8:      layout_rooms, grunt_temple_overflow_opulence, serial_shops, shop,
          enter_bailey_3, uniq_psyche, uniq_prince_ribbit1
D:9:      layout_basic, ebering_ghost_inner_flame, grunt_decor_fettered,
          the_bakery
D:10:     layout_layer_cave, due_lair_maze_entry_diamond, uniq_joseph
D:11:     layout_cave_pools, david_orc_3, mrwooster_statue_mirror,
          hangedman_decor_clover_reticule
D:12:     layout_gridville, portal_ice_cave_entry_ice_beasts
Temple:   dshaligram_water_room_temple

Skill      XL: |  1  2  3  4  5  6  7  8  9 10 11 12 |
---------------+-------------------------------------+-----
Stealth        | 2 |  2.2
Necromancy     | 1 2 3 4 6 7 9 11 | 11.1
Long Blades    | 3 4 5 6 7 8 10 | 10.0
Dodging        | 3 |  3.0
Shields        | 1 2 3 4 5 6 |  6.8
Armour         | 1 2 3 4 5 6 |  6.8
Fighting       | 4 5 6 7 8 |  8.2
Short Blades   | 1 |  1.0

Action                   |  1- 3 |  4- 6 |  7- 9 | 10-12 || total
-------------------------+-------+-------+-------+-------++-------
Melee: Falchion          |    58 |       |       |       ||    58
       Dagger            |    59 |   271 |   534 |   431 ||  1295
       Kick              |       |    55 |    97 |       ||   152
       Scimitar          |       |       |       |   165 ||   165
       Rapier            |       |       |       |    59 ||    59
Evoke: Wand              |       |       |     5 |    19 ||    24
  Use: Scroll            |       |       |    10 |    10 ||    20
       Potion            |       |       |     1 |     5 ||     6
 Stab: Sleeping          |     4 |       |       |       ||     4
       Paralysed         |       |       |       |     4 ||     4
Armor: Robe              |    12 |       |       |       ||    12
       Plate armour      |    31 |   217 |   245 |       ||   493
       Chain mail        |       |       |    78 |   404 ||   482
Dodge: Dodged            |    55 |    42 |    58 |   138 ||   293
Block: Kite shield       |       |    41 |   230 |   367 ||   638
       Rpst.: Falchion   |     9 |       |       |       ||     9
       Scimitar          |       |       |       |    12 ||    12

Table legend: (Time is in decaauts)
 A = Elapsed time spent in this place.
 B = Non-inter-level travel time spent in this place.
 C = Inter-level travel time spent in this place.
 D = Time resting spent in this place.
 E = Time spent auto-exploring this place.
 F = Levels seen in this place.
 G = Mean time per level.
                   A        B        C        D        E       F      G
               +--------+--------+--------+--------+--------+-----+--------+
         Total |  17818 |  16098 |   1720 |   2245 |  10754 |  16 | 1113.6 |
       Dungeon |  16143 |  14465 |   1678 |   1903 |  10032 |  12 | 1345.2 |
        Temple |    197 |    155 |     42 |      0 |    109 |   1 |  197.0 |
         Sewer |    799 |    799 |      0 |      0 |    542 |   1 |  799.0 |
        Bailey |    209 |    209 |      0 |      0 |     62 |   1 |  209.0 |
      Ice Cave |    469 |    469 |      0 |    342 |      9 |   1 |  469.0 |
               +--------+--------+--------+--------+--------+-----+--------+

Top non-repeatable levels by time:
    D:10: 1826 daAuts
    D:11: 1641 daAuts
     D:9: 1557 daAuts
     D:6: 1492 daAuts
     D:8: 1393 daAuts
     D:5: 1368 daAuts
     D:7: 1341 daAuts
     D:1: 1267 daAuts
     D:4: 1239 daAuts
     D:3: 1154 daAuts
    D:12: 956 daAuts
     D:2: 905 daAuts
   Sewer: 799 daAuts
   IceCv: 469 daAuts
  Bailey: 209 daAuts
